SKEETSKUM, neutral female scurrid Tourist ------ ------ |.._. -- `..` `.). --. .. .) --....--+------|-- ----|---- -- --.....#..........-----|.......|---------+--- --------....... ----.... --^..............#.......#.....||))...| --..........}}}...........--............................`M|-.[[.)| |<..........}{}...........-.............................)[@[..)*.| --..........}}}...........--............................`Y|-).[..| --------....... ----.... --...............#.......#.....||..).)| -- --.....#..........-----|..)%...|------------- --....--+------+-- ----)---- --. |..)..| -- |`...`| |.._..| ------- SKEETSKUM the Excursionist Experience level: 7 Strength: 11 Dexterity: 9 Constitution: 14 Intelligence: 14 Wisdom: 17 Charisma: 14 Health: 0(45) Energy: 43(43) Def: 0 Gold: 909 Moves: 1976 Dungeon seed: X5Kt-eVGlHJCZH8T Game ID: SKEETSKUM_1498717621 Your Inventory: Coins $ - 909 gold pieces Weapons a - 19 uncursed +2 darts (in quiver) W - 2 uncursed +4 dwarvish spears named Spear of Serenity Armor e - an uncursed +0 Hawaiian shirt q - a blessed +0 leather armor Comestibles b - 8 uncursed food rations c - an uncursed candy bar d - 2 uncursed cram rations f - an uncursed tin of newt meat g - an uncursed egg Scrolls j - 3 uncursed scrolls of magic mapping o - a cursed scroll of genocide I - an uncursed scroll of water Potions p - an uncursed potion of gain energy H - a cursed potion of paralysis X - an uncursed potion of blindness Wands m - an uncursed wand of secret door detection (0:14) Tools k - an uncursed expensive camera (0:67) l - an uncursed credit card n - an uncursed towel Spells and supernatural/magical abilities: Name Level Category Fail Memory W - pray for help -- divine ? -- Your skills at the end: Miscellaneous Skills wands [Basic] Weapon Skills dart [Expert] Spellcasting Skills Final Attributes: You were devoutly aligned. You had infravision. You were very stealthy. You were held by an owlbear. You are dead. Vanquished creatures: an elf mummy an orc-captain a yeti a rope golem 3 bugbears 7 Mordor orcs an Uruk-hai 6 orc shamans a violet fungus a gnome lord 2 gnomish wizards 6 dwarves 7 hill orcs a dwarf zombie 2 hobbits 4 hobgoblins 12 gnomes a kobold 3 goblins 2 sewer rats 3 lichens 66 creatures vanquished. Voluntary challenges: You did not adorn yourself with jewelry or accessories. You did not cause conflict. You were not invisible. You did not have reflection. You were not displaced. You used a wielded weapon 6 times, starting on turn 310. You did not use tools. You did not use plumbed fixtures. You read items or engraved 1 time, starting on turn 193. You never genocided any monsters. You never polymorphed an object. You never changed form. You used no wishes. You never split a pudding. You never wrote Elbereth's name. You never violated your personal moral code. Dungeon overview: The Dungeons of Doom: levels 1 to 2 Level 1 a long staircase Level 2 stairs to The Gnomish Mines The Gnomish Mines: levels 3 to 11 Level 3 stairs to The Dungeons of Doom Level 4 Level 5 Level 6 some shops, a temple to Blind Io, a magic chest, some trees Level 7 Level 8 Level 9 Level 10 Level 11 <- You were here some altars to The Lady and Moloch, a magic chest, a fountain History has recorded: On T:1 you entered the Dungeons of Doom to retrieve the Amulet of Yendor! On T:188 you reached level 2 of The Dungeons of Doom. On T:192 you reached level 1 of The Gnomish Mines. On T:215 you advanced to experience level 2. On T:223 you advanced to experience level 3. On T:251 you advanced to experience level 4. On T:269 you reached level 2 of The Gnomish Mines. On T:329 you reached level 3 of The Gnomish Mines. On T:355 you advanced to experience level 5. On T:415 you reached level 4 of The Gnomish Mines. On T:529 you entered the Minetown temple On T:625 you reached level 5 of The Gnomish Mines. On T:628 you reached level 6 of The Gnomish Mines. On T:631 you reached level 7 of The Gnomish Mines. On T:633 you reached level 8 of The Gnomish Mines. On T:635 you reached level 9 of The Gnomish Mines. On T:635 you reached the bottom of the Mines. On T:661 you advanced to experience level 6. On T:871 you advanced to experience level 7. Score breakdown: Gold: 271 ( 27 points) Experience: 7 levels ( 600 points) Exploration: 11 levels ( 300 points) Discoveries: 9 items ( 450 points) Variety of kills: 21 monsters ( 1050 points) Major goal: reached Mine's End ( 1000 points) Survival: died (score multiplied by 3) Total score: 10281 Latest messages: There are a few objects here. (2x) There is an open door here. You see here an iron skull cap. You cannot throw an object at yourself. The dart hits it. You feel more confident in your weapon skills. The dart hits it. The owlbear claws you! (2x) The dart hits it. You are now more skilled in dart. You feel you could be more dangerous! The dart hits it. The human mummy scratches you! (2x) The owlbear claws you! (2x) The owlbear grabs you! You die... Final status: Aloha SKEETSKUM the Tourist, killed by an owlbear... You died in The Gnomish Mines on dungeon level 11 with 10281 points, and 909 pieces of gold, after 1976 moves. You were level 7 with a maximum of 45 hit points when you died.